 Dungeon Crawl Stone Soup version 0.30-a0-1018-g25214051b3 (webtiles) character file.

Game seed: 5147806602304523963

1040 bmack86 the Chopper (level 8, -1/70 HPs)
             Began as a Minotaur Fighter on Apr 7, 2023.
             Succumbed to Sigmund's poison
             ... on level 6 of the Dungeon.
             The game lasted 00:10:41 (4735 turns).

bmack86 the Chopper (Minotaur Fighter)              Turns: 4735, Time: 00:10:41

Health: -1/70      AC:  9    Str: 24    XL:     8   Next: 4%
Magic:  7/7        EV:  9    Int:  5    God:
Gold:   239        SH:  0    Dex:  9    Spells: 7/7 levels left

rFire   + . .      SeeInvis .    a - +0 war axe
rCold   . . .      Faith    .    c - +1 buckler
rNeg    . . .      Spirit   .    b - +0 scale mail
rPois   .          Reflect  .    (helmet restricted)
rElec   .          Rampage  .    h - scarf {repulsion}
rCorr   .                        x - +1 pair of gloves
Will    .....                    (no boots) Stlth
                                 (no amulet)
HPRegen 0.31/turn                r - ring of protection from fire
MPRegen 0.10/turn                (no ring)

@: confused, lethally poisoned (-1 -> -18), repel missiles
A: horns 2, retaliatory headbutt
a: no special abilities


You were on level 6 of the Dungeon.
You visited 1 branch of the dungeon, and saw 7 of its levels.

You collected 239 gold pieces.

Inventory:

Hand Weapons
 a - a +0 war axe (weapon)
 p - a +0 war axe
Armour
 b - a +0 scale mail (worn)
 c - a +1 buckler (worn)
 h - a scarf of repulsion (worn)
 x - a +1 pair of gloves (worn)
Jewellery
 j - a ring of positive energy
 r - a ring of protection from fire (left hand)
Wands
 t - a wand of charming (5)
 u - a wand of iceblast (9)
Scrolls
 f - 2 scrolls of teleportation
 l - a scroll of blinking {unknown}
 s - 2 scrolls of magic mapping
 v - a scroll of fear
 w - a scroll of poison {unknown}
Potions
 d - 4 potions of might
 e - a potion of haste {unknown}
 g - 6 potions of curing
 i - a potion of attraction {unknown}
 k - 2 potions of resistance
 m - a potion of cancellation {unknown}
 n - 2 potions of mutation {unknown}
 q - 2 potions of berserk rage
 z - a potion of ambrosia {unknown}


   Skills:
 + Level 5.8 Fighting
 * Level 7.1 Axes
 + Level 3.2 Throwing
 + Level 5.8 Armour
 + Level 5.8 Shields


You had 7 spell levels left.
You didn't know any spells.
Your spell library contained the following spells:

 Spells                   Type           Power      Damage    Failure   Level
 Dazzling Flash           Conj/Hex       0%         N/A       99%         3
 Volatile Blastmotes      Fire/Tloc      0%         2d10      99%         3
 Iskenderun's Mystic Bla  Conj/Tloc      0%         2d3       100%        4
 Starburst                Conj/Fire      0%         6d3       100%        6


Dungeon Overview and Level Annotations

Branches:
Dungeon (7/15)
 Temple: D:4-7

Altars:
Ashenzari
Elyvilon
Gozag
Yredelemnul

Annotations:
D:6 Sigmund


Innate Abilities, Weirdness & Mutations

You have a pair of horns on your head.
You reflexively headbutt those who attack you in melee.


Message History

You closely miss something.
You feel very sick. Something hits you. x2
Sigmund hits you with a +1 scythe of venom.
You are more poisoned.
You barely miss Sigmund.
Sigmund is heavily wounded.
You barely miss something.
You feel very sick. Something hits you.
Unknown command.
You barely miss Sigmund.
Sigmund is heavily wounded.
You hit something.
You feel very sick.
Sigmund points at you and mumbles some strange words.
You resist with some effort. Something hits you.
* * * LOW HITPOINT WARNING * * *
You closely miss Sigmund.
Sigmund is heavily wounded.
You miss something.
You feel very sick.
Sigmund giggles. "Time to reap what you sow."
Sigmund casts a spell at you.
You are confused.
Something hits you.
* * * LOW HITPOINT WARNING * * *
Sigmund hits you but does no damage.
You barely miss something. You hit Sigmund but do no damage.
* * * LOW HITPOINT WARNING * * *
You feel very sick. Something hits you but does no damage.
Unknown command.
* * * LOW HITPOINT WARNING * * *
You feel sick.
Sigmund hits you with a +1 scythe of venom.
* * * LOW HITPOINT WARNING * * *
You are more poisoned.
Something hits you but does no damage.
You die...

.# .# .#####.
######+#..(.... #.
#.........((.##
..##
#.......(....'.
...##....@.@.....#
#..#.......{....#
#.......####...#
##......# .#
#......# ##..####
#.... ##.## #....
######..## ##....
#.........# #.....


You could see Sigmund (very poisoned).

Vanquished Creatures
  Menkaure (D:4)
  A sky beast (D:7)
  A phantom (D:5)
  2 scorpions
  A hound (D:5)
  2 orc priests (D:4)
  A gnoll bouda (D:4)
  2 jellies
  An iguana (D:6)
  3 orc wizards
  14 gnolls
  9 adders
  A white imp (D:5)
  2 ufetubi (D:5)
  2 worms
  2 dart slugs
  24 orcs
  7 bats
  6 endoplasms
  4 giant cockroaches
  9 goblins
  5 hobgoblins
  5 quokkas
  6 ball pythons
  A frilled lizard (D:1)
  10 kobolds
  5 rats
127 creatures vanquished.

Notes
Turn   | Place    | Note
-------+----------+-------------------------------------------
     0 | D:1      | bmack86 the Minotaur Fighter began the quest for the Orb.
     0 | D:1      | Reached XP level 1. HP: 19/19 MP: 0/0
    69 | D:1      | Reached XP level 2. HP: 8/24 MP: 1/1
   151 | D:1      | Reached skill level 3 in Axes
   593 | D:1      | Reached XP level 3. HP: 33/33 MP: 2/2
  1853 | D:3      | Reached XP level 4. HP: 40/40 MP: 3/3
  1918 | D:3      | Reached skill level 4 in Axes
  2123 | D:3      | Reached skill level 1 in Throwing
  2123 | D:3      | Reached XP level 5. HP: 47/47 MP: 4/4
  2748 | D:4      | Reached skill level 5 in Axes
  2748 | D:4      | Reached XP level 6. HP: 38/53 MP: 5/5
  2855 | D:4      | Noticed Menkaure
  2863 | D:4      | Killed Menkaure
  2864 | D:4      | Reached skill level 5 in Fighting
  2864 | D:4      | Reached skill level 5 in Armour
  2864 | D:4      | Reached skill level 5 in Shields
  2900 | D:4      | HP: 2/56 [poisoned by an adder]
  3162 | D:4      | Reached XP level 7. HP: 18/61 MP: 6/6
  3387 | D:4      | You fall into a shaft and drop 3 floors!
  3412 | D:7      | Reached skill level 6 in Axes
  3499 | D:5      | Entered Level 5 of the Dungeon
  4150 | D:5      | Identified the +4 mace of Uhydenadd {venom, Int+8}
  4293 | D:5      | Found a broken altar of Ashenzari.
  4296 | D:5      | Found a white marble altar of Elyvilon.
  4361 | D:5      | Found a basalt altar of Yredelemnul.
  4364 | D:5      | Found an opulent altar of Gozag.
  4562 | D:5      | Reached skill level 7 in Axes
  4617 | D:6      | Reached XP level 8. HP: 62/70 MP: 7/7
  4718 | D:6      | Noticed Sigmund
  4734 | D:6      | HP: 3/70 [Sigmund/+1 scythe of venom (3)]
  4735 | D:6      | Succumbed to Sigmund's poison

Illustrated notes

Levels and vault maps discovered:
D:1:      psy_arrival_radial02, layout_loops_ring
D:2:      layout_basic
D:3:      layout_loops_ring
D:4:      cheibrodos_pilgrimage, layout_cave_pools, uniq_menkaure
D:5:      layout_gridville, grunt_temple_overflow_cloverleaf,
          minmay_misc_feat_five
D:6:      layout_basic, chequers_temple_overflow_statue_of_worship,
          mainiacjoe_overflow_surrounded_room, minmay_temple_entry_offerings,
          uniq_sigmund
D:7:      layout_rooms, xom_confusion_cloud, kennysheep_donut

Skill      XL: |  1  2  3  4  5  6  7 |
---------------+----------------------+-----
Axes           | 3 4 5 7 |  7.1
Armour         | 4 5 |  5.8
Fighting       | 4 5 |  5.8
Shields        | 4 5 |  5.8
Throwing       | 1 2 3 |  3.2

Action                     |  1- 3 |  4- 6 |  7- 9 || total
---------------------------+-------+-------+-------++-------
  Melee: War axe           |    90 |   117 |   101 ||   308
         Headbutt          |     7 |    14 |    19 ||    40
  Throw: Dart              |       |     6 |     6 ||    12
    Use: Scroll            |     6 |     3 |     1 ||    10
         Potion            |       |     2 |       ||     2
 Armour: Scale mail        |    56 |    52 |    52 ||   160
  Dodge: Dodged            |    57 |    62 |    45 ||   164
         Repelled          |       |       |     2 ||     2
  Block: Buckler           |    24 |    29 |    31 ||    84

Table legend: (Time is in decaauts)
 A = Elapsed time spent in this place.
 B = Non-inter-level travel time spent in this place.
 C = Inter-level travel time spent in this place.
 D = Time resting spent in this place.
 E = Time spent auto-exploring this place.
 F = Levels seen in this place.
 G = Mean time per level.
                   A        B        C        D        E       F      G
               +--------+--------+--------+--------+--------+-----+--------+
         Total |   4824 |   4695 |    129 |    475 |   2968 |   7 |  689.1 |
       Dungeon |   4824 |   4695 |    129 |    475 |   2968 |   7 |  689.1 |
               +--------+--------+--------+--------+--------+-----+--------+

Top non-repeatable levels by time:
     D:4: 1242 daAuts
     D:1: 1052 daAuts
     D:3: 878 daAuts
     D:2: 778 daAuts
     D:5: 602 daAuts
     D:6: 194 daAuts
     D:7: 76 daAuts
